Map: Deathaura LE

Players

Vanya

  • Race: Zerg Zerg
  • League: Master
  • Spawn Location: 5:00

MaxPax - Winner!

  • Race: Protoss Protoss
  • League: Grandmaster
  • Spawn Location: 11:00

Event: DreamHack SC2 Masters 2020 Winter

VOD

Have the link to the VOD?

Description

Time

  • Played on: Oct. 14, 2020, 1:45 p.m.
  • Length: 6:26

All games in this series

Show
View Real Time Build Order
Export as new Build Order

Vanya Zerg 

Build Orders: Pool First 

Get SALT Encoding   

  12  0:00  Drone  
  13  0:12  Overlord  
  13  0:17  Drone  
  14  0:31  Drone x2  
  14  0:35  Drone  
  17  0:38  Extractor  
  16  0:45  Drone  
  17  0:50  Spawning Pool  
  17  0:56  Drone  
  17  1:14  Drone  
  18  1:27  Hatchery  
  17  1:37  Zergling x4  
  17  1:39  Zergling x2  
  20  1:40  Metabolic Boost  
  20  1:52  Queen  
  22  1:55  Overlord  
  22  2:17  Hatchery  
  22  2:19  Drone  
  22  2:28  Queen  
  24  2:32  Drone  
  24  2:35  Drone  
  26  2:37  Drone  
  27  2:45  Drone x2  
  29  2:54  Drone x2  
  31  2:59  Queen  
  33  3:06  Overlord  
  33  3:09  Drone x2  
  35  3:13  Drone  
  36  3:21  Overlord  
  36  3:26  Drone x3  
  39  3:33  Drone x2  
  41  3:35  Drone  
  41  3:41  Drone x4  
  46  3:49  Drone  
  46  3:51  Lair  
  46  3:55  Queen  
  46  3:59  Overlord  
  48  4:06  Zergling x10  
  52  4:10  Spore Crawler  
  52  4:13  Drone x3  
  54  4:17  Extractor, Queen  
  54  4:21  Overlord  
  55  4:28  Overlord  
  53  4:41  Drone x3  
  53  4:42  Queen  
  59  4:45  Zergling x14  
  59  4:49  Nydus Network  
  59  4:52  Overseer  
  63  4:56  Overlord  
  63  5:00  Zergling x2  
  63  5:01  Zergling x6  
  67  5:12  Overlord  
  67  5:14  Zergling x6  
  69  5:15  Overlord  
  70  5:26  Nydus Canal  
  70  5:27  Overlord  
  70  5:28  Overlord  
  69  5:30  Overlord  
  69  5:33  Overseer  
  67  5:35  Zergling x6  
  67  5:36  Zergling x4, Overlord  
  67  5:41  Overlord  
  70  5:46  Zergling x4  
  70  5:49  Zergling x4  
  74  5:50  Zergling x6  
  75  5:59  Zergling x10  
  76  6:06  Nydus Canal  
  76  6:07  Zergling x4  
Show
View Real Time Build Order
Export as new Build Order

MaxPax Protoss - Winner!

Build Orders: 1 Gate Expand 

Get SALT Encoding   

  12  0:00  Probe  
  13  0:13  Probe  
  14  0:18  Pylon  
  14  0:25  Probe  
  15  0:37  Gateway, Probe (Chrono Boost)  
  16  0:47  Assimilator, Probe (Chrono Boost)  
  17  0:52  Probe (Chrono Boost)  
  18  1:03  Probe  
  19  1:15  Pylon, Probe  
  20  1:26  Nexus  
  20  1:34  Cybernetics Core  
  20  1:37  Probe  
  21  1:45  Pylon  
  21  1:49  Probe  
  21  1:52  Assimilator  
  22  2:01  Probe  
  22  2:07  Stalker (Chrono Boost)  
  23  2:13  Probe  
  26  2:25  Probe  
  26  2:29  Stargate  
  27  2:34  Shield Battery  
  26  2:37  Adept, Probe  
  26  2:41  Probe  
  30  2:48  Warp Gate  
  30  2:49  Probe  
  31  2:55  Probe (Chrono Boost)  
  33  3:06  Void Ray (Chrono Boost)  
  33  3:07  Probe (Chrono Boost)  
  33  3:08  Probe (Chrono Boost)  
  34  3:13  Probe (Chrono Boost)  
  34  3:15  Adept, Probe (Chrono Boost)  
  42  3:22  Probe  
  42  3:23  Pylon  
  42  3:26  Probe  
  45  3:34  Probe  
  45  3:38  Probe  
  45  3:39  Assimilator, Void Ray (Chrono Boost)  
  46  3:41  Assimilator  
  46  3:46  Probe  
  51  3:50  Probe  
  52  3:58  Probe  
  52  4:02  Probe  
  54  4:10  Gateway  
  54  4:13  Pylon  
  54  4:18  Stargate  
  54  4:25  Void Ray (Chrono Boost)  
  54  4:26  Probe  
  54  4:31  Probe  
  57  4:38  Probe  
  57  4:40  Pylon, Adept  
  57  4:43  Probe  
  57  4:44  Robotics Facility  
  59  4:50  Probe  
  60  4:55  Probe  
  60  4:59  Void Ray (Chrono Boost)  
  61  5:00  Adept  
  61  5:03  Probe, Void Ray (Chrono Boost)  
  69  5:08  Probe  
  69  5:13  Pylon  
  70  5:26  Pylon, Probe x2  
  70  5:29  Pylon  
  69  5:37  Void Ray (Chrono Boost)  
  69  5:38  Probe x2  
  69  5:40  Robotics Bay, Adept  
  77  5:50  Pylon  
  77  5:52  Shield Battery  
  77  5:55  Adept  
  79  6:02  Zealot  
  79  6:03  Gateway  
  77  6:06  Probe x2  
Tags
 
Add a new tag
Caveats
  • Supply blocks, unpowered buildings, or Contaminate may cause inaccurate times.
  • Supply counts are checked every 10 seconds.